 Dungeon Crawl Stone Soup version 0.20.1-1-g8b1a95d (webtiles) character file.

672 KoningWillie the Slasher (level 7, 0/61 HPs)
             Began as a Minotaur Fighter on Sept 22, 2017.
             Slain by a slave (8 damage)
             ... led by Pikel
             ... on level 5 of the Dungeon.
             The game lasted 00:07:14 (4131 turns).

KoningWillie the Slasher (Minotaur Fighter)         Turns: 4131, Time: 00:07:15

Health: 0/61       AC:  7    Str: 23    XL:     7   Next: 32%
Magic:  6/6        EV:  8    Int:  5    God:
Gold:   168        SH: 10    Dex:  9    Spells: 6/6 levels left

rFire    . . .     SeeInvis .   a - +1 long sword
rCold    . . .     Gourm    .   c - +0 shield
rNeg     . . .     Faith    .   b - +0 scale mail
rPois    .         Spirit   .   (helmet restricted)
rElec    .         Reflect  .   (no cloak)
rCorr    .         Harm     .   (no gloves)
MR       .....                  (no boots)
Stlth    ..........             (no amulet)
Regen    0.2/turn               (no ring)
MPRegen  0.1/turn               (no ring)

@: no status effects
A: retaliatory headbutt, horns 2
a: no special abilities


You were on level 5 of the Dungeon.
You were not hungry.

You visited 1 branch of the dungeon, and saw 5 of its levels.

You collected 168 gold pieces.

Inventory:

Hand Weapons
 a - a +1 long sword (weapon)
Armour
 b - a +0 scale mail (worn)
 c - a +0 shield (worn)
Wands
 u - a wand of confusion (10/48)
Scrolls
 d - a scroll of enchant armour {unknown}
 j - 5 scrolls of remove curse
 m - 7 scrolls of enchant weapon
 p - 3 scrolls of identify
 t - a scroll of fog {unknown}
Potions
 e - 2 potions of flight
 i - a potion of magic {unknown}
 k - 2 potions of curing
 n - a potion of agility {unknown}
 o - 2 potions of mutation
 q - a potion of cancellation {unknown}
 r - a potion of lignification {unknown}
 s - a potion of resistance {unknown}
Books
 g - a book of Conjurations

   Spells                             Type                      Level
   a - Magic Dart                     Conjuration                  1
   b - Searing Ray                    Conjuration                  2
   c - Dazzling Spray                 Conjuration/Hexes            3
   d - Fulminant Prism                Conjuration/Hexes            4
   e - Force Lance                    Conjuration/Translocation    4
   f - Iskenderun's Mystic Blast      Conjuration                  4
 v - a book of Necromancy

   Spells                             Type                      Level
   a - Pain                           Necromancy                   1
   b - Animate Skeleton               Necromancy                   1
   c - Vampiric Draining              Necromancy                   3
   d - Regeneration                   Charms/Necromancy            3
   e - Animate Dead                   Necromancy                   4
   f - Control Undead                 Necromancy                   4
Comestibles
 f - 2 bread rations
 h - 2 meat rations


   Skills:
 + Level 5.1 Fighting
 + Level 6.1 Long Blades
 + Level 5.8 Armour
 + Level 2.0 Dodging
 + Level 0.3 Stealth
 + Level 5.5 Shields


You had 6 spell levels left.
You didn't know any spells.

Dungeon Overview and Level Annotations

Branches:
Dungeon (5/15)             Temple (0/1) D:5

Altars:
Makhleb
The Shining One

Shops:
D:4 [

Annotations:
D:5 Pikel


Innate Abilities, Weirdness & Mutations

You reflexively headbutt those who attack you in melee.
You have a pair of horns on your head.


Message History

You hit Pikel.
Pikel is severely wounded.
The slave barely misses you. You furiously retaliate!
You headbutt the slave. You block Pikel's attack.
The slave hits you but does no damage. The slave hits you!
You block the slave's attack. The slave hits you.
You closely miss Pikel. Your headbutt misses Pikel.
Pikel is severely wounded.
Pikel hits you with a whip of freezing. Pikel freezes you.
* * * LOW HITPOINT WARNING * * *
You block the slave's attack. x2; The slave hits you.
* * * LOW HITPOINT WARNING * * *
The slave hits you.
* * * LOW HITPOINT WARNING * * *
Pikel hits you but does no damage. You block the slave's attack.
You hit Pikel but do no damage.
Pikel is severely wounded.
The slave hits you.
* * * LOW HITPOINT WARNING * * *
The slave hits you!
You die...

##........ #..........#
#..........# #..........#
#..........# #..........#
#########........###
...............Kp..###..
.....###......5p@.......
.....###.......pp.......
......##..........####..
..................#
.....#..#........##
.........#......##
...............###############
.............#####.....#.....##
...........#..###.............##


You could see Pikel, 4 slaves and a shadow imp.

Vanquished Creatures
  Eustachio (D:4)
  An ice beast (D:5)
  The ghost of azteki the Slasher, an amateur DsGl (D:4)
  A centaur (D:5)
  A jelly (D:5)
  Terence (D:2)
  2 worker ants (D:4)
  A hound skeleton (D:4)
  Robin (D:2)
  5 adders
  An ooze (D:1)
  2 worms
  2 dart slugs
  2 leopard geckos
  6 orcs
  3 giant cockroaches
  16 goblins
  13 hobgoblins
  7 jackals (D:5)
  13 kobolds
  2 quokkas
  A ball python (D:3)
  4 bats
  2 frilled lizards (D:3)
  9 rats
98 creatures vanquished.

Notes
Turn   | Place    | Note
-------+----------+-------------------------------------------
     0 | D:1      | KoningWillie the Minotaur Fighter began the quest for the Orb.
     0 | D:1      | Reached XP level 1. HP: 19/19 MP: 0/0
   266 | D:1      | Reached XP level 2. HP: 27/27 MP: 1/1
   688 | D:1      | Reached XP level 3. HP: 32/33 MP: 2/2
   779 | D:2      | Noticed Robin
   821 | D:2      | Reached skill level 3 in Long Blades
   828 | D:2      | Killed Robin
   843 | D:2      | Reached XP level 4. HP: 32/40 MP: 3/3
   948 | D:2      | Found a burning altar of Makhleb.
   955 | D:2      | Noticed Terence
   965 | D:2      | Killed Terence
  1191 | D:2      | Found a faded altar of an unknown god.
  1445 | D:3      | Reached skill level 4 in Long Blades
  1495 | D:3      | Reached XP level 5. HP: 45/47 MP: 4/4
  1986 | D:4      | Found Vefi's Armour Emporium.
  1986 | D:4      | Noticed Eustachio
  2018 | D:4      | HP: 1/47 [river rat[Eustachio] (3)]
  2619 | D:5      | Entered Level 5 of the Dungeon
  2619 | D:5      | Noticed an ice beast
  2635 | D:4      | Killed Eustachio
  2635 | D:4      | Reached skill level 5 in Long Blades
  2635 | D:4      | Reached skill level 5 in Armour
  2635 | D:4      | Reached skill level 1 in Dodging
  2635 | D:4      | Reached XP level 6. HP: 13/55 MP: 5/5
  3081 | D:4      | Noticed azteki's ghost (amateur DsGl)
  3110 | D:4      | Killed azteki's ghost
  3317 | D:4      | Reached skill level 5 in Fighting
  3561 | D:4      | Reached skill level 5 in Shields
  3563 | D:4      | Found a glowing golden altar of the Shining One.
  3919 | D:5      | Found a staircase to the Ecumenical Temple.
  3923 | D:5      | Reached XP level 7. HP: 47/61 MP: 6/6
  3960 | D:5      | Reached skill level 6 in Long Blades
  4120 | D:5      | Noticed Pikel
  4131 | D:5      | Slain by a slave

Skill      XL: |  1  2  3  4  5  6  7 |
---------------+----------------------+-----
Fighting       | 4 5 |  5.1
Armour         | 4 5 |  5.8
Shields        | 4 5 |  5.5
Long Blades    | 3 4 5 6 |  6.1
Dodging        | 1 2 |  2.0
Stealth        | |  0.3

Action                   |  1- 3 |  4- 6 |  7- 9 || total
-------------------------+-------+-------+-------++-------
Melee: Long sword        |    82 |   166 |    28 ||   276
       Headbutt          |    16 |    37 |     3 ||    56
  Use: Scroll            |       |     7 |       ||     7
       Potion            |       |     4 |       ||     4
  Eat: Meat ration       |       |     1 |       ||     1
       Royal jelly       |       |     2 |       ||     2
       Fruit             |       |     2 |       ||     2
Armor: Scale mail        |    37 |    73 |    36 ||   146
Dodge: Dodged            |    27 |    70 |    21 ||   118
Block: Shield            |    38 |   110 |    26 ||   174
       Rpst.: Long sword |     3 |    16 |     7 ||    26
